 Dungeon Crawl Stone Soup version 0.30-b1-2-g02819fbbbe (webtiles) character file.

Game seed: 13224947250471577531

1250 erloom the Insei (level 8, -19/61 HPs)
             Began as a Black Draconian Transmuter on May 20, 2023.
             Was an Initiate of Makhleb.
             Killed from afar by a steam dragon (23 damage)
             ... with a ball of steam
             ... on level 6 of the Dungeon.
             The game lasted 00:11:02 (5526 turns).

erloom the Insei (Black Draconian Transmuter)       Turns: 5526, Time: 00:11:02

Health: -19/61     AC:  2    Str: 13    XL:     8   Next: 26%
Magic:  12/14      EV: 19    Int: 14    God:    Makhleb [......]
Gold:   472        SH:  0    Dex: 18    Spells: 11/15 levels left

rFire   . .          .
                       - Unarmed
rCold   . . .        (shield currently unavailable)
rNeg    . . .        (body armour unavailable)
rPois   x            (helmet currently unavailable)
rElec   .            (cloak currently unavailable)
rCorr   .            g - melded +0 pair of gloves
SInv    .            (boots currently unavailable)
Will    .....        (no amulet)
Stlth   ++           (no ring)
HPRegen 0.30/turn    (no ring)
MPRegen 0.14/turn

%: no passive effects
@: spider-form (expiring)
A: venomous fangs, (breathe lightning), AC +6, tiny, unfitting armour,
(electricity resistance), (cold-blooded)
a: End Transformation, Renounce Religion


You were on level 6 of the Dungeon.
You worshipped Makhleb.
Makhleb was noncommittal.
You were a venomous arachnid creature.
You visited 2 branches of the dungeon, and saw 7 of its levels.

You collected 472 gold pieces.

Inventory:

Missiles
 e - 12 boomerangs
 p - a throwing net
Armour
 g - a +0 pair of gloves (melded)
Wands
 l - a wand of iceblast (11)
Scrolls
 a - a scroll of torment {unknown}
 b - 2 scrolls of teleportation
 h - a scroll of immolation {unknown}
 k - a scroll of butterflies {unknown}
 q - 4 scrolls of identify {unknown}
 t - a scroll of enchant armour {unknown}
 u - a scroll of poison {unknown}
 v - a scroll of vulnerability {unknown}
 w - 2 scrolls of blinking {unknown}
 x - a scroll of fear {unknown}
 y - a scroll of amnesia {unknown}
Potions
 c - a potion of resistance {unknown}
 d - a potion of attraction {unknown}
 f - 2 potions of curing {unknown}
 i - 2 potions of magic {unknown}
 j - 2 potions of heal wounds {unknown}
 m - 2 potions of degeneration {unknown}
 n - 2 potions of brilliance {unknown}
 o - a potion of might {unknown}
 r - 2 potions of haste {unknown}
 s - 3 potions of mutation {unknown}


   Skills:
 + Level 1.9 Fighting
 + Level 2.2 Dodging
 + Level 6.2 Unarmed Combat
 - Level 4.0 Spellcasting
 - Level 6.0 Transmutations
 - Level 4.0 Poison Magic


You had 11 spell levels left.
You knew the following spells:

 Your Spells              Type           Power      Damage    Failure   Level
a - Beastly Appendage     Tmut           38%        N/A       7%          1
b - Spider Form           Tmut/Pois      16%        N/A       21%         3

Your spell library contained the following spells:

 Spells                   Type           Power      Damage    Failure   Level
 Wereblood                Tmut           19%        N/A       10%         2
 Slow                     Hex            8%         N/A       38%         1
 Confusing Touch          Hex            2%         N/A       71%         3
 Vampiric Draining        Necr           2%         2d6       71%         3
 Ice Form                 Ice/Tmut       11%        N/A       71%         4


Dungeon Overview and Level Annotations

Branches:
Dungeon (6/15)             Temple (1/1) D:5

Altars:
Ashenzari
Cheibriados
Elyvilon
Hepliaklqana
Kikubaaqudgha
Makhleb
Nemelex Xobeh
Okawaru
Ru
Vehumet
Xom
Zin
The Shining One

Shops:
D:2 :   D:3 :   D:4 (   D:5 [   D:6 *


Innate Abilities, Weirdness & Mutations

You are a venomous arachnid creature.
You have venomous fangs.
You are tiny and dextrous.
Your spellcasting is less reliable in this form.
Your armour is entirely melded.
You are incapable of wielding weapons or throwing items.
((You can breathe wild blasts of lightning.))
((Your glossy black scales are hard. (AC +6)))
You cannot fit into any form of body armour.
((You are resistant to electric shocks. (rElec)))
((You are cold-blooded and may be slowed by cold attacks.))


Message History

The steam dragon bites you!
The steam dragon claws you but does no damage.
You barely miss the steam dragon.
The steam dragon is lightly wounded.
The steam dragon bites you. The steam dragon closely misses you.
You hit the steam dragon.
The steam dragon looks as sick as possible!
The steam dragon is lightly wounded.
The steam dragon breathes steam at you. The ball of steam misses you.
You hear an angry hiss.
You barely miss the steam dragon.
The steam dragon is moderately wounded.
You are engulfed in a cloud of scalding steam.
The steam dragon closely misses you. The steam dragon barely misses you.
You hit the steam dragon.
The steam dragon looks as sick as possible!
The steam dragon is severely wounded.
You are engulfed in a cloud of scalding steam.
The steam dragon closely misses you. x2
The steam dragon hisses angrily.
You hit the steam dragon.
The steam dragon looks as sick as possible!
The steam dragon is severely wounded.
You are engulfed in a cloud of scalding steam.
* * * LOW HITPOINT WARNING * * *
The steam dragon bites you.
* * * LOW HITPOINT WARNING * * *
The steam dragon closely misses you.
You hit the steam dragon but do no damage.
The steam dragon looks as sick as possible!
The steam dragon is almost dead.
You are engulfed in a cloud of scalding steam.
* * * LOW HITPOINT WARNING * * *
The steam dragon closely misses you. The steam dragon claws you.
* * * LOW HITPOINT WARNING * * *
Your transformation is almost over.
The steam dragon breathes steam at you. The ball of steam hits you!!
You die...

...# ##.P.....#..# ### #..###
#.(P...P.##.####. ....###.>.#
#.#PPP.P###......
....)...#.###.##.##.####..###
=!......#........##.#........
......................#######
...^......##.######.###
..........D§.§......######
.)........##s######......#
.<........##.## #.####...
..........##..## #.#
#.........###..# #.###
#.........# ##.## #...#
#.........# #..#####.#
#[........# ##..# #.#
..........# ##.## #.#
#.........# #..# #.#


You could see a steam dragon (extremely poisoned, catching breath).

Vanquished Creatures
  A water moccasin (D:5)
  A black bear (D:5)
  A centaur (D:4)
  2 phantoms (D:4)
  3 scorpions
  4 orc priests
  3 hounds
  A gnoll bouda (D:4)
  3 iguanas
  4 orc wizards
  5 gnolls
  9 adders
  2 ufetubi
  A worm (D:2)
  A dart slug (D:4)
  11 orcs
  5 endoplasms
  3 giant cockroaches
  6 goblins
  10 hobgoblins
  4 jackals (D:1)
  7 kobolds
  3 quokkas
  6 ball pythons
  9 bats
  10 frilled lizards
  7 rats
122 creatures vanquished.

Vanquished Creatures (others)
  2 fungi (D:6)
  2 plants (D:1)
  5 toadstools (D:6)
9 creatures vanquished.

Grand Total: 131 creatures vanquished

Notes
Turn   | Place    | Note
-------+----------+-------------------------------------------
     0 | D:1      | erloom the Draconian Transmuter began the quest for the
                  | Orb.
     0 | D:1      | Reached XP level 1. HP: 16/16 MP: 3/3
   132 | D:1      | Reached XP level 2. HP: 19/23 MP: 5/5
   487 | D:1      | Reached XP level 3. HP: 11/28 MP: 6/6
  1077 | D:2      | Found Qeiczif's Book Boutique.
  1415 | D:2      | Found a glowing golden altar of the Shining One.
  1695 | D:3      | Reached skill level 5 in Unarmed Combat
  1695 | D:3      | Reached XP level 4. HP: 35/35 MP: 5/7
  1942 | D:3      | Found Cetyquwn's Book Shop.
  2165 | D:5      | Entered Level 5 of the Dungeon
  2177 | D:5      | Reached XP level 5. HP: 37/40 MP: 8/8
  2354 | D:4      | Learned a level 3 spell: Spider Form
  2635 | D:3      | Reached skill level 1 in Poison Magic
  2719 | D:4      | Reached XP level 6. HP: 33/33 MP: 7/9
  2854 | D:4      | Your scales start taking on a glossy black colour.
  2854 | D:4      | Reached XP level 7. HP: 11/52 MP: 9/11
  2854 | D:4      | Gained mutation: You are resistant to electric shocks.
                  | (rElec) [Black Draconian growth]
  3212 | D:4      | Found a shimmering altar of Xom.
  3248 | D:4      | Found Nailuh's Weapon Boutique.
  3745 | D:5      | Found a sacrificial altar of Ru.
  3777 | D:4      | Reached skill level 5 in Transmutations
  4236 | D:5      | Reached XP level 8. HP: 51/59 MP: 9/13
  4310 | D:5      | Found a staircase to the Ecumenical Temple.
  4317 | Temple   | Entered the Ecumenical Temple
  4345 | Temple   | Became a worshipper of Makhleb the Destroyer
  4586 | D:5      | Found a radiant altar of Vehumet.
  4655 | D:5      | Found Maeproyli's Antique Armour Shoppe.
  5180 | D:6      | Found Visifrine's General Store.
  5526 | D:6      | Killed from afar by a steam dragon

Illustrated notes

Levels and vault maps discovered:
D:1:      lemuel_arrival_cross, layout_basic, grunt_decor_mini_mirrors,
          minmay_lizard_king
D:2:      layout_rooms, basic_altar, serial_shops, nicolae_book_shop_shelving
D:3:      layout_basic, serial_shops, shop
D:4:      layout_cave_pools, amcnicky_altar_gilded, serial_shops,
          kennysheep_little_box, minmay_misc_feat_more_columns, minmay_distorted
D:5:      layout_loops_cross, nicolae_ru_great_annihilating_truth,
          mainiacjoe_overflow_alcove_1, minmay_temple_entry_hall, serial_shops,
          kennysheep_mini
D:6:      layout_rooms, serial_shops, nicolae_shop_trees,
          minmay_gold_behind_fungi, minmay_microvault
Temple:   chequers_temple_sunken

Skill      XL: |  1  2  3  4  5  6  7  8 |
---------------+-------------------------+-----
Unarmed Combat | 4 5 6 |  6.2
Poison Magic   | 1 3 4 |  4.0
Transmutations | 4 6 |  6.0
Spellcasting   | 3 4 |  4.0
Dodging        | 2 |  2.2
Fighting       | |  1.9

Action                     |  1- 3 |  4- 6 |  7- 9 || total
---------------------------+-------+-------+-------++-------
  Melee: Unarmed           |   146 |   141 |   204 ||   491
         Tailslap          |    18 |    11 |    23 ||    52
         Kick              |     7 |    20 |    20 ||    47
         Headbutt          |     2 |     8 |     5 ||    15
         Punch             |     2 |     4 |     4 ||    10
   Cast: Beastly Appendage |     5 |     9 |     5 ||    19
         Spider Form       |       |       |     7 ||     7
    Use: Potion            |       |     1 |       ||     1
         Scroll            |       |       |     1 ||     1
   Stab: Sleeping          |     3 |     1 |       ||     4
         Distracted        |       |     1 |       ||     1
         Invisible         |       |       |     1 ||     1
         Paralysed         |       |       |     1 ||     1
 Armour: Skin              |    43 |   105 |    43 ||   191
  Dodge: Dodged            |    95 |    98 |   143 ||   336
